AoeStats
← von.fan1li

MegaRandom

505224758Analyzed
1v1 RM · 24d ago on Sep 8, 2026· 28m 7s· 2 players
Game mode
Random Map
Map size
Tiny (2 player)
Population
200
Speed
Normal
Resources
Standard
Victory
Conquest
Starting age
Dark Age
Ending age
Imperial Age
RankedLock teamsTeams togetherTeam positionsShared explorationLock speedFull tech treeHidden civsTurbo modeCheats
Victory
Defeat
🇨🇳 Tatars · China
1279
+17
🇪🇸 Ethiopians · Spain
1306
-17
von.fan1li
10:37 Feudal Age
13:26 Loom
13:35 Double-Bit Axe
16:02 Castle Age
14:33 Horse Collar
15:55 Scale Barding Armor
16:02 Forging
16:57 Bloodlines
20:53 Husbandry
28:38 Chain Barding Armor
Codol.19
0:26 Loom
12:08 Feudal Age
16:55 Castle Age
15:40 Double-Bit Axe
16:26 Horse Collar
17:03 Crossbowman
17:34 Fletching
17:34 Crossbowman
Connection lost

Rejoining the realm…

Still unreachable

The connection could not be restored.

Session expired

The server has moved on; the page needs a fresh start.